 Dungeon Crawl Stone Soup version 0.31-a0-986-g5e6e4ef867 (webtiles) character file.

Game seed: 5143514198141686707

597 Azareth the Chopper (level 7, -7/54 HPs)
             Began as a Minotaur Fighter on Oct 30, 2023.
             Was a Follower of Hepliaklqana.
             Killed by divine providence
             ... invoked by an orc priest
              (13 damage)
             ... on level 5 of the Dungeon on Nov 3, 2023.
             The game lasted 00:09:16 (4342 turns).

Azareth the Chopper (Minotaur Fighter)              Turns: 4342, Time: 00:09:17

Health: -7/54      AC: 13    Str: 28    XL:     7   Next: 17%
Magic:  6/6        EV:  7    Int:  5    God:    Hepliaklqana [*.....]
Gold:   300        SH: 10    Dex: 16    Spells: 6/6 levels left

rFire   . . .        a - +1 war axe
rCold   . . .        c - +0 buckler
rNeg    . . .        h - +1 plate armour
rPois   .            (helmet restricted)
rElec   .            q - scarf {+Inv}
rCorr   .            (no gloves)
SInv    .            (no boots)
Will    .....        o - amulet of reflection Stlth
                     s - +6 ring of strength
HPRegen 0.29/turn    x - +6 ring of dexterity
MPRegen 0.10/turn

%: reflection
@: no status effects
A: reduced essence, horns 2, retaliatory headbutt
a: Renounce Religion, Evoke Invisibility, Recall Ancestor, Ancestor Identity


You were on level 5 of the Dungeon.
You worshipped Hepliaklqana.
Hepliaklqana was aware of your devotion.
You visited 2 branches of the dungeon, and saw 6 of its levels.

You collected 300 gold pieces.

Inventory:

Hand Weapons
 a - a +1 war axe (weapon)
Armour
 b - a +0 scale mail
 c - a +0 buckler (worn)
 h - a +1 plate armour (worn)
 q - a scarf of invisibility (worn)
Jewellery
 o - an amulet of reflection (around neck)
 s - a +6 ring of strength (left hand)
 x - a +6 ring of dexterity (right hand)
Talismans
 r - a flux talisman
Wands
 m - a wand of flame (15) (quivered)
Scrolls
 f - 4 scrolls of blinking
 n - 2 scrolls of teleportation
 t - a scroll of immolation
 v - a scroll of identify
 w - a scroll of enchant weapon
 y - a scroll of revelation {unknown}
Potions
 d - a potion of might
 e - 2 potions of heal wounds {unknown}
 g - a potion of invisibility {unknown}
 i - a potion of degeneration {unknown}
 j - 2 potions of enlightenment {unknown}
 k - 2 potions of berserk rage {unknown}
 l - 3 potions of curing
 p - a potion of ambrosia {unknown}
 u - a potion of mutation {unknown}


   Skills:
 + Level 5.4 Fighting
 * Level 6.3 Axes
 + Level 5.4 Armour
 + Level 5.5 Shields


You had 6 spell levels left.
You didn't know any spells.
Your spell library contained the following spells:

 Spells                   Type           Power      Damage    Failure   Level
 Freeze                   Ice            0%         1d3       100%        1
 Blink                    Tloc           0%         N/A       100%        2
 Scorch                   Fire           0%         2d5       100%        2
 Frozen Ramparts          Ice            0%         1d1       100%        3
 Hailstorm                Conj/Ice       0%         3d3       100%        3
 Flame Wave               Conj/Fire      0%         2d4       100%        4
 Manifold Assault         Tloc           0%         N/A       100%        4
 Summon Cactus Giant      Summ           0%         N/A       100%        6


Dungeon Overview and Level Annotations

Branches:
Dungeon (5/15)             Temple (1/1) D:4

Altars:
Cheibriados
Dithmenos
Elyvilon
Fedhas
Gozag
Hepliaklqana
Kikubaaqudgha
Makhleb
Nemelex Xobeh
Qazlal
Ru
Sif Muna
Trog
Uskayaw
Vehumet
Wu Jian
Xom
Yredelemnul
Zin
The Shining One

Shops:
D:1 =

Annotations:
D:4 2 runed translucent doors, AceOff's ghost, amateur FoFi
D:5 1 transporter, Pi314's ghost, novice DrSh
Temple 2 transporters


Innate Abilities, Weirdness & Mutations

Your life essence is reduced to manifest your ancestor. (-10% HP)
You have a pair of horns on your head.
You reflexively headbutt those who attack you in melee.


Message History

You hear some strange, mumbled words.
Tepiltzin appears confused.
The orc priest completely misses you.
You barely miss the orc priest. You headbutt the orc priest!
The orc priest is severely wounded.
The orc priest hits you but does no damage.
Tepiltzin hits something!
Reactivating autopickup.
You feel a bit more experienced.
You hit the orc priest.
The orc priest is almost dead.
The orc priest invokes the aid of Beogh against you.
Beogh smites you!
You are too injured to fight recklessly!
You are too injured to fight recklessly!
You are too injured to fight recklessly!
You are too injured to fight recklessly!
You are too injured to fight recklessly!
You barely miss the orc priest.
The orc priest is almost dead.
You block the orc priest's attack.
Tepiltzin hits themself.
You slash the orc!
You kill the orc!
The orc priest invokes the aid of Beogh against you.
Beogh smites you!
* * * LOW HITPOINT WARNING * * *
Tepiltzin seems less confused.
The orc priest hits you with a +0 hand axe.
* * * LOW HITPOINT WARNING * * *
You see here a +0 dagger.
You hit the orc priest but do no damage.
Your headbutt misses the orc priest.
The orc priest is almost dead.
The orc priest hits you with a +0 hand axe.
* * * LOW HITPOINT WARNING * * *
You barely miss the orc priest.
The orc priest is almost dead.
The orc priest invokes the aid of Beogh against you.
Beogh smites you!
You die...

#.# .~~.©# #.# #.≈≈..
#.# #.≈≈.##. #.#
#(≈≈.#. #
#.####.≈≈.##.#
#.#....≈≈..#.
#.######.#.##.≈≈###.##
#...o@R..)....≈≈#.....
########)#.##.≈≈##.###
#.#....≈≈#..#8#
#.####.≈≈####..
#.####.≈≈≈≈≈≈≈≈
#.##...≈≈≈≈≈≈≈≈
#.##.#.........
#..............
#.#############


You could see the friendly Tepiltzin the ancestor and an orc priest (ally
target).

Vanquished Creatures
  A black bear (D:5)
  A phantom (D:5)
  A howler monkey (D:5)
  A jelly (D:4)
  2 iguanas
  2 orc wizards (D:4)
  7 gnolls
  5 adders
  2 ufetubi (D:5)
  A worm (D:3)
  10 orcs
  10 ball pythons
  4 bats
  4 endoplasms
  3 giant cockroaches
  5 goblins
  4 hobgoblins
  5 jackals
  5 quokkas
  4 frilled lizards (D:3)
  6 kobolds
  7 rats
90 creatures vanquished.

Vanquished Creatures (collateral kills)
  An orc priest (D:5)
  An orc wizard (D:5)
2 creatures vanquished.

Grand Total: 92 creatures vanquished

Notes
Turn   | Place    | Note
-------+----------+-------------------------------------------
     0 | D:1      | Azareth the Minotaur Fighter began the quest for the Orb.
     0 | D:1      | Reached XP level 1. HP: 19/19 MP: 0/0
   262 | D:1      | Reached XP level 2. HP: 27/27 MP: 1/1
   360 | D:1      | Reached skill level 3 in Axes
   477 | D:1      | Upgraded the game from 0.31-a0-978-g1e143483b6 to
                  | 0.31-a0-986-g5e6e4ef867
   528 | D:1      | Found Vac Naidy's Jewellery Boutique.
   913 | D:2      | Reached XP level 3. HP: 30/33 MP: 2/2
  1876 | D:3      | Reached XP level 4. HP: 33/40 MP: 3/3
  1944 | D:3      | Found a shadowy altar of Dithmenos.
  2114 | D:3      | Reached skill level 4 in Axes
  2539 | D:4      | Reached XP level 5. HP: 34/47 MP: 4/4
  2759 | D:4      | Found a staircase to the Ecumenical Temple.
  2813 | Temple   | Found a transporter.
  2813 | Temple   | Found a transporter.
  2813 | Temple   | Found a transporter.
  2813 | Temple   | Found a transporter.
  2813 | Temple   | Entered the Ecumenical Temple
  2834 | Temple   | Became a worshipper of Hepliaklqana the Forgotten
  2993 | D:4      | Reached skill level 5 in Axes
  3142 | D:4      | Found a runed translucent door.
  3142 | D:4      | Noticed AceOff's ghost (amateur FoFi)
  3186 | D:4      | Found a runed translucent door.
  3366 | D:4      | Reached XP level 6. HP: 48/51 MP: 5/5
  3775 | D:5      | Entered Level 5 of the Dungeon
  3778 | D:5      | Found a transporter.
  3792 | D:5      | Reached skill level 5 in Shields
  3826 | D:5      | Reached skill level 5 in Fighting
  3826 | D:5      | Reached skill level 5 in Armour
  3943 | D:5      | Reached * piety under Hepliaklqana
  4105 | D:5      | Reached skill level 6 in Axes
  4105 | D:5      | Reached XP level 7. HP: 44/54 MP: 6/6
  4288 | D:5      | Noticed Pi314's ghost (novice DrSh)
  4290 | D:5      | Identified the ring "Basinul" {rF+ rN+}
  4342 | D:5      | Killed from afar by an orc priest

Illustrated notes

Levels and vault maps discovered:
D:1:      minmay_arrival_checkered_box, layout_basic, serial_shops,
          shop_fountains, hex_large, hangedman_decor_push
D:2:      layout_loops_ring
D:3:      minmay_general_purpose_star, layout_loops_corners,
          nicolae_dithmenos_the_darkroom, corner_web_ring, minmay_bisected
D:4:      layout_layer_cave, minmay_temple_entry_glass, ebering_ghost_sewer_f,
          grunt_ministairs_15
D:5:      layout_basic, gammafunk_ghost_gnarly_gnolls
Temple:   hellmonk_temple_divided_pantheon

Skill      XL: |  1  2  3  4  5  6 |
---------------+-------------------+-----
Axes           | 3 4 5 6 |  6.3
Fighting       | 4 5 |  5.4
Armour         | 4 5 |  5.4
Shields        | 4 5 |  5.5

Action                     |  1- 3 |  4- 6 |  7- 9 || total
---------------------------+-------+-------+-------++-------
  Melee: War axe           |    91 |    97 |     8 ||   196
         Headbutt          |    10 |    20 |     1 ||    31
    Use: Scroll            |       |     6 |       ||     6
         Potion            |       |     1 |       ||     1
 Armour: Scale mail        |     8 |       |       ||     8
         Plate armour      |    59 |    72 |     4 ||   135
  Dodge: Dodged            |    28 |    34 |     1 ||    63
  Block: Buckler           |    17 |    56 |     2 ||    75
         Reflection        |       |     1 |       ||     1

Table legend: (Time is in decaauts)
 A = Elapsed time spent in this place.
 B = Non-inter-level travel time spent in this place.
 C = Inter-level travel time spent in this place.
 D = Time resting spent in this place.
 E = Time spent auto-exploring this place.
 F = Levels seen in this place.
 G = Mean time per level.
                   A        B        C        D        E       F      G
               +--------+--------+--------+--------+--------+-----+--------+
         Total |   4403 |   4311 |     92 |      0 |   3608 |   6 |  733.8 |
       Dungeon |   4361 |   4269 |     92 |      0 |   3608 |   5 |  872.2 |
        Temple |     41 |     41 |      0 |      0 |      0 |   1 |   41.0 |
               +--------+--------+--------+--------+--------+-----+--------+

Top non-repeatable levels by time:
     D:4: 1308 daAuts
     D:3: 1172 daAuts
     D:1: 737 daAuts
     D:5: 574 daAuts
     D:2: 568 daAuts
  Temple: 41 daAuts
